Map: Cyber Forest LE

Players

Trizztein

  • Race: Terran Terran
  • League: Master
  • Spawn Location: 5:00

A.I. 1 (Easy) - Winner!

  • Race: Terran Terran
  • Spawn Location: 11:00

VOD

Have the link to the VOD?

Description

Time

  • Played on: May 11, 2019, 8:38 a.m.
  • Length: 10:07
Show
View Real Time Build Order
Export as new Build Order

Trizztein Terran 

Build Orders:  

Get SALT Encoding   

  12  0:01  SCV  
  13  0:13  SCV  
  14  0:17  Supply Depot  
  14  0:26  SCV  
  15  0:28  Refinery  
  15  0:38  SCV  
  16  0:46  Barracks  
  16  0:50  SCV  
  16  0:55  Refinery  
  17  1:03  SCV  
  18  1:15  SCV  
  19  1:33  Orbital Command, Reaper  
  19  1:37  Factory  
  20  1:49  Supply Depot  
  20  1:59  SCV  
  21  2:07  Reaper  
  22  2:11  SCV  
  23  2:21  Hellion  
  25  2:25  SCV  
  26  2:33  Command Center  
  26  2:38  SCV  
  26  2:44  Supply Depot  
  27  2:49  Hellion  
  27  2:50  SCV  
  30  2:59  Starport  
  30  3:02  SCV  
  31  3:07  Barracks Reactor  
  31  3:12  Factory Tech Lab  
  31  3:14  SCV  
  32  3:26  SCV  
  33  3:30  Cyclone  
  36  3:35  Starport Tech Lab  
  36  3:38  SCV  
  37  3:45  Orbital Command  
  37  3:47  Marine x2  
  39  3:48  Refinery  
  39  3:52  SCV  
  39  3:54  Raven  
  42  4:03  Siege Tank  
  42  4:04  SCV  
  42  4:06  Supply Depot  
  46  4:12  SCV  
  46  4:16  SCV  
  49  4:24  Marine x2, SCV  
  49  4:28  SCV  
  49  4:29  Supply Depot  
  52  4:36  SCV  
  52  4:37  Raven  
  55  4:40  SCV  
  55  4:42  Siege Tank  
  59  4:48  SCV  
  59  4:52  SCV  
  61  4:54  Command Center  
  61  4:59  Supply Depot  
  61  5:00  SCV  
  61  5:06  SCV  
  63  5:12  SCV  
  64  5:15  Siege Tank  
  64  5:18  SCV  
  64  5:21  Engineering Bay x2  
  68  5:24  SCV  
  68  5:26  Stimpack, Supply Depot  
  68  5:28  Marine  
  69  5:31  SCV  
  69  5:35  Refinery  
  71  5:36  SCV  
  71  5:39  Viking  
  71  5:41  Viking  
  76  5:43  SCV  
  77  5:50  Supply Depot  
  77  5:52  Marine  
  77  5:56  SCV x2  
  80  6:02  Terran Infantry Weapons Level 1, Terran Infantry Armor Level 1  
  80  6:06  Siege Tank  
  80  6:08  Orbital Command, SCV  
  84  6:11  Barracks  
  84  6:16  SCV  
  85  6:20  Barracks, SCV  
  85  6:22  Supply Depot  
  86  6:29  Orbital Command  
  86  6:30  Barracks  
  86  6:31  Marine  
  86  6:32  Barracks  
  87  6:37  SCV x2  
  89  6:49  SCV  
  89  6:52  SCV  
  89  6:53  Refinery  
  91  6:55  Supply Depot  
  91  6:58  Supply Depot  
  91  6:59  Barracks Reactor  
  91  7:00  Armory  
  91  7:01  SCV  
  92  7:02  SCV, Factory  
  92  7:04  SCV  
  92  7:08  Marine  
  94  7:10  Barracks Reactor  
  94  7:13  SCV  
  94  7:14  SCV  
  97  7:17  Barracks Reactor  
  97  7:19  SCV  
  98  7:25  Viking x2, SCV  
  98  7:26  Siege Tank, SCV  
  98  7:27  Barracks Reactor  
  98  7:28  Supply Depot x2  
  107  7:30  Combat Shield  
  107  7:31  SCV  
  107  7:32  Marine  
  109  7:37  SCV  
  109  7:38  SCV  
  109  7:40  Refinery  
  109  7:43  SCV  
  112  7:49  Marine x3, SCV  
  112  7:50  Marine x2, Supply Depot, SCV  
  119  7:51  Factory Tech Lab, Supply Depot  
  119  8:00  Marine x2  
  119  8:01  Terran Vehicle Weapons Level 1  
  119  8:05  Siege Tank  
  125  8:07  Marine  
  125  8:10  Marine x5  
  125  8:11  Marine  
  131  8:13  Supply Depot  
  131  8:15  Supply Depot  
  131  8:17  Supply Depot  
  131  8:19  Siege Tank  
  134  8:20  Viking  
  134  8:21  Marine x2  
  134  8:25  Marine  
  139  8:28  Marine x2  
  139  8:33  Marine x4  
  145  8:35  Starport  
  145  8:37  Starport  
  145  8:40  Supply Depot  
  145  8:42  Marine x2  
  145  8:43  Marine, Siege Tank  
  145  8:45  Medivac  
  145  8:48  Marine x2  
  153  8:50  Supply Depot  
  153  8:51  Marine x2  
  157  8:56  Viking  
  157  8:59  Marine x2  
  157  9:00  Marine x2  
  163  9:06  Supply Depot  
  163  9:07  Marine x3  
  163  9:08  Marine  
  167  9:13  Starport Tech Lab  
  167  9:14  Starport Reactor, Supply Depot  
  167  9:15  Viking  
  169  9:18  Marine  
  169  9:19  Marine x4  
  169  9:20  Command Center  
  169  9:22  Siege Tank  
  177  9:25  Marine x3, Siege Tank  
  177  9:27  Marine  
  184  9:34  Viking x2  
  184  9:36  Marine x2  
  184  9:37  Marine x3  
  193  9:43  Marine x3  
  193  9:45  Marine  
  199  10:04  Barracks x2  
Show
View Real Time Build Order
Export as new Build Order

A.I. 1 (Easy) Terran - Winner!

Build Orders:  

Get SALT Encoding   

  12  0:00  SCV  
  13  0:13  SCV  
  14  0:18  Supply Depot  
  14  0:25  SCV  
  15  0:39  SCV  
  16  0:43  Barracks  
  16  0:45  Refinery  
  16  1:09  Supply Depot  
  16  1:20  Refinery  
  16  1:32  Marine, Orbital Command  
  17  1:51  Barracks Tech Lab  
  17  2:09  Marine  
  17  2:13  Supply Depot  
  18  2:15  SCV  
  19  2:28  SCV  
  20  2:33  Marine  
  21  2:40  SCV  
  22  2:52  SCV  
  22  2:57  Marine  
  24  3:04  SCV  
  25  3:16  SCV  
  26  3:22  Marauder  
  28  3:46  Marauder  
  30  4:11  Marauder  
  32  6:57  Reaper, SCV  
  32  7:00  Supply Depot  
  34  7:03  Command Center  
  34  7:09  SCV  
  34  7:21  SCV  
  35  7:23  Factory  
  35  7:25  Supply Depot  
  35  7:28  Marine  
  32  7:46  Marine  
  27  8:00  SCV  
  27  8:04  Reaper  
  28  8:08  Starport  
  28  8:15  SCV  
  28  8:19  SCV  
  30  8:21  Refinery  
  30  8:23  Refinery  
  30  8:27  SCV  
  30  8:32  SCV  
  32  8:36  Marine  
  32  8:39  SCV  
  34  8:44  SCV  
  34  8:46  Starport Tech Lab  
  35  8:51  SCV  
  35  8:54  Marine  
  37  8:56  SCV  
  38  9:04  SCV  
  38  9:05  Raven  
  38  9:08  SCV  
  42  9:12  Marine  
  42  9:16  SCV  
  44  9:20  SCV  
  45  9:28  SCV  
  45  9:30  Marine  
  47  9:32  SCV  
  48  9:40  SCV  
  48  9:44  SCV  
  50  9:52  SCV  
Tags
 
League
Master
Matchup
TvT
Race
Terran
Spawn Locations
Cross Positions
Add a new tag
Caveats
  • Supply blocks, unpowered buildings, or Contaminate may cause inaccurate times.
  • Supply counts are checked every 10 seconds.